General information
- name: BNet
- type: Ladder team game (AT/RT)
- host: Battle.net
- saver: BEAR_AND
map: Highperch
- players: 6
- length: 39:55
- speed: Fast
- version: 1.26 W3XP
- replay type:

» download(302 KB)
Players
team 1 (loser)
evnt (
blue | 67 APM | 2631 actions | 39:30)
3 Far Seer
2 Feral Spirit
1 Chain Lighting
2 Shadow Hunter
1 Hex
1 Healing Wave
» actions
| Assign group hotkey | 132 | |
| Basic commands | 1 | |
| Build / train | 72 | |
| ESC pressed | 1 | |
| Enter build submenu | 21 | |
| Enter hero's abilities submenu | 5 | |
| Right click | 1612 | |
| Select / deselect | 406 | |
| Select group hotkey | 138 | |
| Use ability | 243 | |
2631 total
» units
| Peon | 8 | |
| Grunt | 12 | |
| Demolisher | 5 | |
| Spirit Walker | 7 | |
| Troll Batrider | 10 | |
42 total
» upgrades
| Berserker Strength | 1 | |
| Spirit Walker Training | 1 | |
| Ranged Weapons | 3 | |
| Liquid Fire | 1 | |
6 total
» buildings
| Altar of Storms | 1 | |
| Orc Burrow | 7 | |
| Barracks | 1 | |
| Stronghold | 3 | |
| Spirit Lodge | 1 | |
| Voodoo Lounge | 2 | |
| War Mill | 1 | |
| Watch Tower | 5 | |
| Fortress | 3 | |
| Beastiary | 3 | |
27 total
» build order
00:13 Altar of Storms
00:22 Orc Burrow
00:54 Barracks
01:42 Orc Burrow
02:30 Orc Burrow
03:16 Stronghold
03:16 Stronghold
04:02 Orc Burrow
05:49 Spirit Lodge
06:07 Voodoo Lounge
06:53 War Mill
06:58 Orc Burrow
08:36 Orc Burrow
12:23 Voodoo Lounge
13:12 Watch Tower
13:14 Watch Tower
14:37 Watch Tower
14:38 Watch Tower
18:46 Fortress
18:46 Fortress
18:50 Beastiary
18:51 Beastiary
20:22 Orc Burrow
20:28 Watch Tower
21:21 Beastiary
» items
| Healing Salve | 4 | |
| Lesser Clarity Potion | 3 | |
7 total

»
Kurozaki (
yellow | 33 APM | 1327 actions | 39:53)
3 Mountain King
2 Storm Bolt
1 Thunder Clap
» actions
| Basic commands | 4 | |
| Build / train | 80 | |
| Enter build submenu | 65 | |
| Enter hero's abilities submenu | 3 | |
| Give item / drop item | 1 | |
| Remove unit from queue | 11 | |
| Right click | 602 | |
| Select / deselect | 446 | |
| Use ability | 115 | |
1327 total
» units
| Peasant | 8 | |
| Footman | 5 | |
| Rifleman | 1 | |
| Siege Engine | 8 | |
| Mortar Team | 11 | |
| Dragonhawk Rider | 10 | |
43 total
» upgrades
| Gunpowder | 2 | |
| Plating | 1 | |
| Barrage | 1 | |
| Lumber Harvesting | 1 | |
| Fragmentation Shards | 1 | |
| Cloud | 1 | |
7 total
» buildings
| Altar of Kings | 2 | |
| Farm | 26 | |
| Barracks | 2 | |
| Arcane Vault | 2 | |
| Blacksmith | 2 | |
| Lumber Mill | 3 | |
| Keep | 2 | |
| Castle | 2 | |
| Workshop | 6 | |
| Town Hall | 2 | |
| Scout Tower | 12 | |
| Guard Tower | 6 | |
| Gryphon Aviary | 4 | |
71 total
» build order
00:15 Altar of Kings
00:19 Farm
00:52 Barracks
01:39 Farm
01:46 Farm
02:13 Arcane Vault
02:25 Blacksmith
02:45 Lumber Mill
04:35 Keep
04:42 Barracks
04:45 Farm
05:26 Farm
06:50 Farm
06:52 Farm
07:02 Castle
08:05 Workshop
08:10 Workshop
08:56 Workshop
10:17 Town Hall
12:17 Farm
12:20 Farm
12:25 Farm
14:42 Town Hall
16:10 Keep
18:58 Blacksmith
19:03 Altar of Kings
19:06 Farm
19:44 Farm
19:46 Farm
19:48 Scout Tower
19:53 Scout Tower
19:55 Scout Tower
19:59 Farm
20:11 Scout Tower
20:12 Scout Tower
20:14 Scout Tower
20:25 Lumber Mill
20:34 Scout Tower
20:42 Workshop
20:45 Workshop
20:47 Workshop
20:54 Scout Tower
20:56 Scout Tower
21:18 Farm
21:20 Farm
21:21 Farm
21:29 Guard Tower
21:31 Guard Tower
21:59 Guard Tower
22:27 Gryphon Aviary
22:32 Gryphon Aviary
23:53 Lumber Mill
24:48 Arcane Vault
25:27 Farm
25:29 Farm
25:30 Farm
27:10 Castle
27:46 Scout Tower
27:52 Scout Tower
27:58 Gryphon Aviary
28:24 Guard Tower
28:28 Scout Tower
28:32 Guard Tower
29:11 Guard Tower
29:41 Gryphon Aviary
31:00 Farm
31:02 Farm
31:03 Farm
31:14 Farm
34:29 Farm
34:32 Farm
» items
| Scroll of Regeneration | 2 | |
| Potion of Healing | 1 | |
| Orb of Lightning | 1 | |
| Healing Salve | 1 | |
5 total
Steve092 (
green | 51 APM | 2024 actions | 39:50)
4 Death Knight
2 Death Coil
2 Unholy Aura
2 Lich
1 Frost Nova
1 Frost Armor
» actions
| Basic commands | 6 | |
| Build / train | 73 | |
| Enter build submenu | 22 | |
| Enter hero's abilities submenu | 6 | |
| Give item / drop item | 1 | |
| Right click | 1287 | |
| Select / deselect | 541 | |
| Use ability | 88 | |
2024 total
» units
| Acolyte | 8 | |
| Ghoul | 2 | |
| Crypt Fiend | 6 | |
| Frost Wyrm | 5 | |
21 total
» upgrades
| Web | 1 | |
| Freezing Breath | 1 | |
| Creature Carapace | 3 | |
| Creature Attack | 3 | |
8 total
» buildings
| Graveyard | 1 | |
| Crypt | 1 | |
| Altar of Darkness | 1 | |
| Ziggurat | 10 | |
| Tomb of Relics | 1 | |
| Nerubian Tower | 1 | |
| Halls of the Dead | 1 | |
| Black Citadel | 1 | |
| Sacrificial Pit | 1 | |
| Boneyard | 4 | |
| Necropolis | 1 | |
| Spirit Tower | 6 | |
29 total
» build order
00:24 Graveyard
00:28 Crypt
00:51 Altar of Darkness
01:00 Ziggurat
01:24 Tomb of Relics
01:53 Ziggurat
02:31 Nerubian Tower
04:03 Halls of the Dead
05:09 Ziggurat
06:29 Black Citadel
08:05 Sacrificial Pit
08:42 Ziggurat
08:47 Ziggurat
08:49 Ziggurat
09:18 Boneyard
09:24 Boneyard
10:19 Necropolis
12:08 Ziggurat
12:11 Ziggurat
12:59 Ziggurat
13:03 Ziggurat
13:59 Spirit Tower
14:33 Spirit Tower
15:15 Spirit Tower
15:17 Spirit Tower
18:15 Spirit Tower
19:47 Spirit Tower
23:34 Boneyard
24:19 Boneyard
» items
| Rod of Necromancy | 1 | |
| Dust of Appearance | 1 | |
| Scroll of Regeneration | 1 | |
| Lesser Clarity Potion | 3 | |
| Scroll of Town Portal | 3 | |
| Potion of Healing | 2 | |
| Healing Salve | 1 | |
| Scroll of Speed | 1 | |
13 total
team 2 (winner)
AlasPoorYorick (
orange | 104 APM | 4141 actions | 39:54)
4 Warden
2 Shadow Strike
2 Blink
» actions
| Assign group hotkey | 10 | |
| Basic commands | 45 | |
| Build / train | 70 | |
| ESC pressed | 2 | |
| Enter build submenu | 20 | |
| Enter hero's abilities submenu | 4 | |
| Give item / drop item | 5 | |
| Remove unit from queue | 6 | |
| Right click | 2632 | |
| Select / deselect | 413 | |
| Select group hotkey | 824 | |
| Use ability | 107 | |
4141 total
» units
| Wisp | 31 | |
| Druid of the Talon | 1 | |
| Hippogryph | 12 | |
44 total
» upgrades
| Ultravision | 1 | |
| Nature's Blessing | 1 | |
| Well Spring | 1 | |
| Strength of the Wild | 3 | |
| Reinforced Hides | 3 | |
| Druid of the Talon Training | 1 | |
10 total
» buildings
| Altar of Elders | 2 | |
| Moon Well | 10 | |
| Ancient of Wonders | 2 | |
| Tree of Ages | 1 | |
| Hunter's Hall | 1 | |
| Tree of Life | 2 | |
| Tree of Eternity | 1 | |
| Ancient of Wind | 3 | |
22 total
» build order
00:05 Altar of Elders
00:18 Moon Well
01:31 Moon Well
04:15 Moon Well
04:38 Ancient of Wonders
05:08 Ancient of Wonders
06:37 Moon Well
06:58 Tree of Ages
07:44 Hunter's Hall
08:45 Tree of Life
10:53 Moon Well
10:55 Moon Well
11:04 Tree of Life
12:11 Altar of Elders
12:40 Moon Well
13:17 Tree of Eternity
14:41 Moon Well
14:42 Moon Well
16:29 Moon Well
16:51 Ancient of Wind
16:54 Ancient of Wind
17:04 Ancient of Wind
» items
| Boots of Speed | 1 | |
| Orb of Lightning | 1 | |
| Tiny Great Hall | 1 | |
3 total
BEAR_AND (
red | 133 APM | 5309 actions | 39:55)
4 Blademaster
2 Wind Walk
2 Critical Strike
» actions
| Assign group hotkey | 27 | |
| Basic commands | 16 | |
| Build / train | 81 | |
| Enter build submenu | 32 | |
| Enter hero's abilities submenu | 4 | |
| Give item / drop item | 4 | |
| Remove unit from queue | 3 | |
| Right click | 3889 | |
| Select / deselect | 445 | |
| Select group hotkey | 604 | |
| Use ability | 204 | |
5309 total
» units
| Peon | 10 | |
| Kodo Beast | 1 | |
| Spirit Walker | 1 | |
| Troll Batrider | 29 | |
| Raider | -1 | |
| Troll Headhunter/Berserker | 1 | |
| Wind Rider | 2 | |
43 total
» upgrades
| Liquid Fire | 1 | |
| Ranged Weapons | 3 | |
| Armor | 3 | |
| Troll Regeneration | 1 | |
| Reinforced Defenses | 1 | |
| Envenomed Spears | 2 | |
| Spirit Walker Training | 1 | |
12 total
» buildings
| Altar of Storms | 1 | |
| Orc Burrow | 5 | |
| War Mill | 1 | |
| Voodoo Lounge | 2 | |
| Stronghold | 1 | |
| Beastiary | 4 | |
| Spirit Lodge | 2 | |
| Fortress | 1 | |
| Barracks | 1 | |
| Watch Tower | 9 | |
27 total
» build order
00:07 Altar of Storms
00:19 Orc Burrow
00:51 War Mill
01:45 Voodoo Lounge
02:06 Stronghold
02:47 Orc Burrow
03:34 Voodoo Lounge
04:30 Beastiary
04:31 Spirit Lodge
04:33 Beastiary
04:37 Spirit Lodge
04:51 Fortress
06:04 Orc Burrow
07:46 Orc Burrow
08:45 Beastiary
16:03 Barracks
36:31 Watch Tower
36:38 Watch Tower
36:40 Watch Tower
37:02 Watch Tower
37:07 Watch Tower
37:48 Watch Tower
37:58 Watch Tower
38:03 Watch Tower
38:47 Beastiary
38:52 Orc Burrow
39:15 Watch Tower
» items
| Healing Salve | 2 | |
| Lesser Clarity Potion | 4 | |
| Orb of Lightning | 1 | |
| Boots of Speed | 1 | |
| Staff of Teleportation | 2 | |
10 total
MyLiegeCyrus (
purple | 141 APM | 5646 actions | 39:54)
3 Archmage
2 Blizzard
1 Brilliance Aura
3 Mountain King
2 Storm Bolt
1 Bash
2 Paladin
1 Holy Light
1 Divine Shield
» actions
| Assign group hotkey | 402 | |
| Basic commands | 57 | |
| Build / train | 150 | |
| Enter build submenu | 107 | |
| Enter hero's abilities submenu | 9 | |
| Give item / drop item | 4 | |
| Right click | 2544 | |
| Select / deselect | 533 | |
| Select group hotkey | 1559 | |
| Use ability | 277 | |
5646 total
» units
| Peasant | 20 | |
| Dragonhawk Rider | 18 | |
| Sorceress | 2 | |
| Priest | 2 | |
| Spell Breaker | 1 | |
43 total
» upgrades
| Masonry | 3 | |
| Lumber Harvesting | 2 | |
| Magic Sentry | 1 | |
| Cloud | 1 | |
| Storm Hammers | 1 | |
| Animal War Training | 1 | |
| Swords | 3 | |
| Armor | 3 | |
| Sorceress Training | 2 | |
| Priest Training | 2 | |
| Control Magic | 1 | |
20 total
» buildings
| Altar of Kings | 1 | |
| Farm | 10 | |
| Lumber Mill | 1 | |
| Scout Tower | 111 | |
| Arcane Tower | 8 | |
| Guard Tower | 51 | |
| Keep | 1 | |
| Castle | 1 | |
| Arcane Sanctum | 1 | |
| Arcane Vault | 2 | |
| Town Hall | 1 | |
| Gryphon Aviary | 1 | |
| Barracks | 1 | |
| Blacksmith | 1 | |
191 total
» build order
00:03 Altar of Kings
00:19 Farm
00:55 Farm
01:23 Lumber Mill
01:30 Scout Tower
01:34 Farm
01:41 Scout Tower
01:52 Scout Tower
02:03 Arcane Tower
02:08 Scout Tower
02:08 Arcane Tower
02:22 Scout Tower
02:29 Scout Tower
02:35 Guard Tower
02:37 Guard Tower
02:51 Guard Tower
02:52 Scout Tower
02:55 Scout Tower
03:33 Guard Tower
03:34 Scout Tower
03:36 Guard Tower
03:37 Scout Tower
03:41 Keep
04:05 Scout Tower
04:06 Guard Tower
04:09 Scout Tower
04:10 Guard Tower
04:39 Guard Tower
04:43 Scout Tower
04:44 Scout Tower
05:09 Scout Tower
05:10 Scout Tower
05:30 Scout Tower
05:31 Scout Tower
05:33 Guard Tower
05:36 Scout Tower
05:37 Scout Tower
06:51 Scout Tower
06:51 Guard Tower
06:56 Castle
07:01 Farm
08:35 Scout Tower
08:35 Scout Tower
08:36 Guard Tower
08:44 Arcane Sanctum
09:09 Scout Tower
09:25 Guard Tower
09:27 Scout Tower
09:27 Scout Tower
09:28 Scout Tower
09:31 Scout Tower
09:39 Arcane Tower
09:47 Arcane Vault
09:49 Scout Tower
09:51 Guard Tower
09:52 Scout Tower
10:11 Guard Tower
10:43 Guard Tower
10:45 Scout Tower
10:47 Scout Tower
11:02 Farm
11:14 Scout Tower
11:15 Scout Tower
11:16 Guard Tower
11:30 Guard Tower
11:51 Guard Tower
11:53 Scout Tower
11:55 Scout Tower
12:10 Guard Tower
12:12 Guard Tower
12:14 Scout Tower
12:14 Scout Tower
12:15 Scout Tower
13:00 Scout Tower
13:00 Scout Tower
13:02 Guard Tower
13:05 Scout Tower
13:06 Scout Tower
13:09 Scout Tower
13:23 Farm
13:44 Guard Tower
13:48 Town Hall
14:18 Guard Tower
14:20 Scout Tower
14:21 Scout Tower
14:36 Scout Tower
14:37 Scout Tower
14:38 Scout Tower
14:40 Scout Tower
14:43 Scout Tower
14:44 Scout Tower
15:11 Scout Tower
15:12 Scout Tower
15:31 Guard Tower
15:39 Guard Tower
15:41 Scout Tower
15:48 Guard Tower
15:58 Scout Tower
15:59 Scout Tower
16:00 Guard Tower
16:05 Guard Tower
16:11 Guard Tower
16:16 Scout Tower
16:17 Scout Tower
16:18 Scout Tower
16:20 Scout Tower
16:22 Scout Tower
16:23 Scout Tower
16:24 Scout Tower
16:25 Scout Tower
16:31 Scout Tower
16:35 Arcane Vault
16:37 Scout Tower
16:38 Scout Tower
16:41 Scout Tower
16:43 Guard Tower
16:49 Scout Tower
16:52 Gryphon Aviary
16:54 Barracks
17:00 Arcane Tower
17:03 Scout Tower
17:04 Scout Tower
17:06 Scout Tower
17:07 Guard Tower
17:09 Guard Tower
17:38 Guard Tower
17:45 Scout Tower
18:06 Guard Tower
18:32 Guard Tower
18:35 Guard Tower
18:39 Scout Tower
18:40 Scout Tower
18:40 Scout Tower
18:42 Arcane Tower
18:43 Guard Tower
18:45 Scout Tower
18:47 Scout Tower
18:48 Scout Tower
18:49 Scout Tower
19:40 Guard Tower
20:09 Blacksmith
20:11 Guard Tower
20:46 Arcane Tower
26:53 Scout Tower
26:57 Scout Tower
28:16 Guard Tower
28:41 Scout Tower
28:42 Scout Tower
28:43 Scout Tower
28:44 Scout Tower
28:45 Scout Tower
28:46 Scout Tower
29:17 Farm
29:18 Farm
29:19 Farm
29:19 Farm
29:57 Scout Tower
29:57 Scout Tower
30:44 Arcane Tower
30:45 Guard Tower
31:01 Guard Tower
31:03 Guard Tower
31:10 Scout Tower
31:10 Scout Tower
31:26 Guard Tower
31:56 Guard Tower
32:15 Guard Tower
35:42 Scout Tower
35:43 Scout Tower
35:47 Scout Tower
35:56 Scout Tower
35:57 Scout Tower
36:22 Guard Tower
36:31 Guard Tower
36:37 Scout Tower
36:44 Scout Tower
36:45 Scout Tower
37:00 Guard Tower
37:08 Guard Tower
37:46 Scout Tower
37:47 Scout Tower
37:51 Scout Tower
37:52 Scout Tower
37:53 Scout Tower
37:55 Arcane Tower
37:56 Guard Tower
37:58 Scout Tower
37:59 Scout Tower
38:01 Scout Tower
38:02 Scout Tower
38:03 Scout Tower
» items
| Healing Salve | 1 | |
| Boots of Speed | 3 | |
| Staff of Teleportation | 3 | |
| Orb of Lightning | 3 | |
| Staff of Sanctuary | 3 | |
| Circlet of Nobility | 1 | |
| Scroll of Town Portal | 1 | |
15 total
Chat log
(00:06 / All) Steve092: LOL
(00:32 / All) Kurozaki: XD
(00:35 / All) Kurozaki: XD
(00:36 / All) Steve092: XD
(00:39 / All) Steve092: XD
(00:39 / All) Kurozaki: > : D
(01:03 / All) Kurozaki: > : D ??
(01:07 / All) Steve092: XD?
(01:07 / All) Kurozaki: > : O ???
(01:08 / All) Steve092: XD
(01:10 / All) Steve092: XD
(01:11 / All) Steve092: XD
(01:11 / All) Steve092: XD
(01:12 / All) Steve092: xD
(01:12 / All) Steve092: XD
(01:13 / All) Steve092: xD
(01:13 / All) Kurozaki: > : D !!!!!!!!!!
(01:13 / All) Steve092: xD
(01:14 / All) Kurozaki: XD
(01:15 / All) MyLiegeCyrus: GL HF!!
(01:17 / All) Kurozaki: XD
(01:29 / All) Kurozaki: ty u too XD
(01:30 / All) Steve092: :/
(01:31 / All) Kurozaki: XD
(01:32 / All) Steve092: gl
(01:33 / All) Steve092: XD
(01:36 / All) evnt: XD
(03:40 / All) Kurozaki: XD
(03:41 / All) Steve092: XD
(03:41 / All) Steve092: xD
(03:42 / All) Steve092: xD
(03:52 / All) Kurozaki: OWN ED
(03:56 / All) Kurozaki: BY STEEEEEVE
(04:20 / All) evnt: xDDD
(06:37 / All) Steve092: fuck
(13:26 / All) BEAR_AND: LOL
(21:23 / All) AlasPoorYorick: dont be a boastful knave
(23:15 / All) BEAR_AND: wyrm died V_________V
(23:37 / All) Kurozaki: You're too stroooooong -____________-
(28:30 / All) BEAR_AND: careful pls
(28:35 / All) Kurozaki: ty
(32:15 / All) BEAR_AND: welcome
(32:23 / All) Kurozaki: where ? :D
(39:18 / All) BEAR_AND: lol
(39:20 / All) MyLiegeCyrus: towers don't move :D
(39:21 / All) MyLiegeCyrus: do you realize